 Dungeon Crawl Stone Soup version 0.29.0-5-ge4962eb29e (webtiles) character file.

Game seed: 8313990538746490079

4 ImASeal the Vexing (level 1, -1/7 HPs)
             Began as a Felid Enchanter on Aug 28, 2022.
             Slain by a quokka (4 damage)
             ... on level 1 of the Dungeon.
             The game lasted 00:02:03 (353 turns).

ImASeal the Vexing (Felid Enchanter)                 Turns: 353, Time: 00:02:04

Health: -1/7       AC:  1    Str:  4    XL:     1   Next: 58%
Magic:  4/4        EV: 17    Int: 16    God:
Gold:   10         SH:  0    Dex: 16    Spells: 4/4 levels left
                                        Lives:  0   Deaths: 0

rFire   . . .      SeeInvis +     - Unarmed
rCold   . . .      Faith    .   (shield unavailable)
rNeg    . . .      Spirit   .   (body armour unavailable)
rPois   .          Reflect  .   (helmet unavailable)
rElec   .          Harm     .   (cloak unavailable)
rCorr   .          Rampage  .   (gloves unavailable)
Will    .....                   (boots unavailable)
Stlth   +++.......              (no amulet)
HPRegen 0.02/turn               (no ring)
MPRegen 0.09/turn               (no ring)

@: quick
A: very small, claws 1, fangs 3, see invisible, speed 1, shaggy fur 1, stealthy
paws, no weapons or thrown items, no armour, multi-lived
a: no special abilities


You were on level 1 of the Dungeon.
You visited 1 branch of the dungeon, and saw 1 of its levels.

You collected 10 gold pieces.

Inventory:

Scrolls
 c - a scroll of identify {unknown}
Potions
 a - 2 potions of invisibility
 b - a potion of resistance {unknown}


   Skills:
 + Level 2.7 Dodging
 + Level 4.3 Stealth
 + Level 1.0 Unarmed Combat
 + Level 2.0 Spellcasting
 + Level 4.5 Hexes


You had 4 spell levels left.
You didn't know any spells.
Your spell library contained the following spells:

 Spells                   Type           Power      Damage    Failure   Level
 Confusing Touch          Hex            16%        N/A       10%         3
 Tukima's Dance           Hex            16%        N/A       10%         3
 Ensorcelled Hibernation  Hex/Ice        16%        N/A       12%         2
 Dazzling Flash           Conj/Hex       16%        N/A       24%         3


Dungeon Overview and Level Annotations

Branches:
Dungeon (1/15)

Altars:


Innate Abilities, Weirdness & Mutations

You have sharp claws.
You have razor-sharp teeth.
You have supernaturally acute eyesight. (SInv)
You cover ground quickly. (Speed+)
You are covered in fur. (AC +1)
Your paws help you pounce on unaware monsters.
You are incapable of wielding weapons or throwing items.
You cannot wear armour.
You gain extra lives every three experience levels.


Message History

You scratch the rat.
The rat is severely wounded.
The rat misses you.
You scratch the rat but do no damage.
The rat is severely wounded.
The rat misses you.
You barely miss the rat.
The rat is severely wounded.
The rat barely misses you.
You scratch the rat.
You kill the rat!
HP restored.
You see here a rat corpse.
You now have 10 gold pieces.
A dart slug and a goblin come into view.
You pounce on the unaware helpless goblin!
You claw the goblin!
You kill the goblin!
You see here a +0 club.
You scratch the dart slug but do no damage.
The dart slug launches a dart at you. The slug dart hits you.
You scratch the dart slug. You bite the dart slug.
The dart slug is heavily wounded.
You scratch the dart slug.
You kill the dart slug!
You open the door.
There is an open door here.
You open the door.
A quokka comes into view.
There is an open door here.
The quokka barely misses you.
You scratch the quokka but do no damage.
You bite the quokka, but do no damage. The quokka bites you.
Ouch! That really hurt!
You scratch the quokka.
The quokka is severely wounded.
The quokka bites you.
Ouch! That really hurt!
You die...

#.........####...##.#
##.......##
##.#.รท.## ##.....##
###.#... ##...##
####.#.#. ##'##
#....#... #.#
#.####### #.#
#....#... #######.##
####.#.#. .......@.#
#.#... ###.#..r..#
#...## #.......#
##.##
####..#.##########.#
#.##.........)..# #.
############# .. ##


You could see a quokka.

Vanquished Creatures
  A dart slug (D:1)
  A goblin (D:1)
  A rat (D:1)
3 creatures vanquished.

Notes
Turn   | Place    | Note
-------+----------+-------------------------------------------
     0 | D:1      | ImASeal the Felid Enchanter began the quest for the Orb.
     0 | D:1      | Reached XP level 1. HP: 7/7 MP: 4/4
   353 | D:1      | Slain by a quokka

Illustrated notes

Levels and vault maps discovered:
D:1:      lightli_arrival_statuegarden, layout_loops_corners,
          chequers_ecumenical_altar_grove, solitary_fountain

Action                   || total
-------------------------++-------
Melee: Unarmed           ||    11
       Bite              ||     2
 Stab: Sleeping          ||     1
Dodge: Dodged            ||     4
